 Dungeon Crawl Stone Soup version 0.31-a0-236-g9a0961fb85 (webtiles) character file.

Game seed: 5981798944746124646

10706 qw the Skirmisher (level 11, -2/71 HPs)
             Began as a Gargoyle Hexslinger on July 10, 2023.
             Was a High Priest of Okawaru.
             Slain by a death yak (4 damage)
             ... on level 1 of the Lair of Beasts.
             The game lasted 00:03:42 (8208 turns).

qw the Skirmisher (Gargoyle Hexslinger)             Turns: 8208, Time: 00:03:42

Health: -2/71      AC: 26    Str: 17    XL:     11   Next: 66%
Magic:  16/16      EV: 17    Int: 21    God:    Okawaru [*****.]
Gold:   394        SH:  0    Dex: 16    Spells: 11/12 levels left

rFire   . . .        a - +6 longbow of Nailiode {freeze, Str+5 Int+7}
rCold   . . .        (shield currently unavailable)
rNeg    + . .        p - +2 steam dragon scales
rPois   inf          k - +1 helmet
rElec   +            h - +2 cloak
rCorr   +            (no gloves)
SInv    .            (no boots)
Will    .....        e - amulet of regeneration
Stlth   +++          d - ring of resist corrosion
HPRegen 1.11/turn    c - +4 ring of protection
MPRegen 0.15/turn

%: no passive effects
@: about to teleport, heroic, unable to drink
A: sickness immunity, AC +8, negative energy resistance 1, electricity
resistance, torment resistance 1, petrification resistance, teleportitis 1,
inability to drink after injury 1
a: Renounce Religion, Heroism, Finesse, Duel


You were on level 1 of the Lair of Beasts.
You worshipped Okawaru.
Okawaru was extremely pleased with you.
You visited 3 branches of the dungeon, and saw 11 of its levels.

You collected 495 gold pieces.
You spent 101 gold pieces at shops.


Innate Abilities, Weirdness & Mutations

You are immune to sickness and miasma.
Your stone body is resilient. (AC +8)
You are immune to poison.
You resist negative energy. (rN+)
You are resistant to electric shocks. (rElec)
You are resistant to unholy torment.
You are immune to petrification.
You are occasionally teleported next to monsters.
You occasionally lose the ability to drink potions when taking damage.


   Skills:
 - Level 9.0(14.0) Fighting
 + Level 13.4(18.4) Ranged Weapons
 - Level 4.0(9.0) Armour
 - Level 4.3(9.3) Dodging
 - Level 1.0 Spellcasting
 - Level 2.6 Hexes
 + Level 7.4 Invocations


You had 11 spell levels left.
You knew the following spells:

 Your Spells              Type           Power      Damage    Failure   Level
a - Slow                  Hex            48%        N/A       5%          1

Your spell library contained the following spells:

 Spells                   Type           Power      Damage    Failure   Level
 Inner Flame              Hex/Fire       6%         N/A       28%         3
 Portal Projectile        Hex/Tloc       12%        N/A       28%         3
 Cause Fear               Hex            6%         N/A       47%         4

Inventory:

Hand Weapons
 a - the +6 longbow of Nailiode (weapon) {freeze, Str+5 Int+7}
   (You acquired it on level 7 of the Dungeon)

   Str:       It affects your strength (+5).
   Int:       It affects your intelligence (+7).
Armour
 h - a +2 cloak (worn)
 k - a +1 helmet (worn)
 p - +2 steam dragon scales (worn)
Jewellery
 c - a +4 ring of protection (right hand)
 d - a ring of resist corrosion (left hand)
 e - an amulet of regeneration (around neck)
Scrolls
 i - a scroll of identify
 j - a scroll of teleportation
Potions
 b - a potion of resistance
 f - a potion of curing
 g - a potion of haste
 l - a potion of might
 m - a potion of ambrosia {unknown}
 n - a potion of brilliance {unknown}
 o - a potion of enlightenment

Dungeon Overview and Level Annotations

Branches:
Dungeon (8/15)             Temple (1/1) D:4            Lair (2/5) D:8
  Swamp: Lair:2-3    Shoals: Lair:2-3     Snake: Lair:2-3    Spider: Lair:2-3

Altars:
Ashenzari
Cheibriados
Dithmenos
Elyvilon
Fedhas
Gozag
Hepliaklqana
Kikubaaqudgha
Makhleb
Nemelex Xobeh
Okawaru
Qazlal
Ru
Sif Muna
Trog
Uskayaw
Vehumet
Wu Jian
Xom
Yredelemnul
Zin
The Shining One

Shops:
D:3 *   D:5 (   D:8 *

Annotations:
D:6 3 runed translucent doors, qw's ghost, amateur GrHs; qw's ghost, novice GrHs; qw's ghost, novice MiHs


Message History

The death yak is severely wounded.
The yak closely misses you.
The death yak gores you but does no damage. x2
The death yak completely misses you.
You shoot an arrow. The arrow barely misses the death yak.
The arrow hits the death yak!
The arrow freezes the death yak.
The death yak is lightly wounded.
The death yak gores you. The yak barely misses you. The death yak misses you.
You shoot an arrow. The arrow hits the death yak!!
The arrow freezes the death yak.
The death yak is almost dead.
You shoot an arrow.
The arrow hits the death yak but does no damage.
The death yak is almost dead.
The yak misses you. The death yak closely misses you. The death yak gores you!
The death yak gores you but does no damage.
The death yak closely misses you.
8205 ||| STAIRDANCE Magic restored.
The death yak gores you but does no damage.
The yak closely misses you. The death yak gores you!
You feel threatened and lose the ability to drink potions!
The death yak gores you but does no damage.
The death yak misses you.
You climb upwards.
There is a stone staircase leading down here.
You shoot an arrow. The arrow hits the death yak!!
The arrow freezes the death yak.
You kill the death yak!
Okawaru is honoured by your kill.
You can now enter into single combat with a foe.
Okawaru will now gift you equipment as you gain piety.
The death yak misses you. The death yak gores you!
The yak gores you but does no damage. The death yak gores you!
8208 ||| READING 2 scrolls of teleportation.
As you read the scroll of teleportation, it crumbles to dust.
You feel strangely unstable. The death yak misses you.
The death yak closely misses you. The yak gores you! The death yak gores you.
You die...

.### ##.## ###.P.### ./.# #..#
#........ ...# ###'######
###........ ...# #P.......#
###.#........ ...#
###........###...'........ ...#
#..'.......'....##........
...######.#.......#######........
...'......#....YY.# #........
...#P###.##....Y@.## #........
...### ####....Y...# ##.>......
...# ####.+#### #.###..##+ .P##
#.#..# #####..... ### #...##
#.##.#### .#######
###+#.###########...# # .......#
#.............###.###### .......#
#.#..#.##.###.#.........
.......###.........#.............


You could see 3 death yaks and a yak.

Vanquished Creatures
  A death yak (Lair:1)
  4 elephants
  2 centaur zombies (D:8)
  Joseph (D:8)
  2 centaur skeletons (D:8)
  2 cane toads (Lair:1)
  Maggie (D:8)
  3 komodo dragons
  2 hellwings (D:8)
  A troll (D:8)
  Grinder (D:5)
  A blink frog (Lair:1)
  A meliai zombie (D:8)
  Sigmund (D:2)
  7 yaks
  2 steam dragons
  3 water moccasins (Lair:1)
  2 sky beasts
  3 ice beasts
  2 black bears
  A hornet zombie (D:8)
  2 wolves (D:8)
  A centaur (D:8)
  5 bullfrogs
  A kobold brigand (D:4)
  3 scorpions
  2 gnoll sergeants (D:7)
  3 wights (D:8)
  4 electric eels (D:8)
  3 howler monkeys (D:8)
  7 hounds
  2 jellies
  An orc priest (D:6)
  Ijyb (D:3)
  3 orc wizards
  4 adders
  12 gnolls
  3 shadow imps (D:8)
  An ufetubus (D:6)
  A worm (D:2)
  4 dart slugs
  21 orcs
  9 bats
  5 endoplasms
  4 giant cockroaches
  4 goblins
  5 hobgoblins
  7 quokkas
  5 ball pythons
  7 frilled lizards
  31 kobolds
  5 rats
209 creatures vanquished.

Vanquished Creatures (others)
  2 orc wizards (D:3)
2 creatures vanquished.

Grand Total: 211 creatures vanquished

Notes
Turn   | Place    | Note
-------+----------+-------------------------------------------
     0 | D:1      | qw the Gargoyle Hexslinger began the quest for the Orb.
     0 | D:1      | Reached XP level 1. HP: 12/12 MP: 2/2
     0 | D:1      | 0 ||| qw: Version: 0.3-a-52-g30416fa
     0 | D:1      | 0 ||| qw: Game counter: 4556
     0 | D:1      | 0 ||| qw: Melee chars always use a shield: true
     0 | D:1      | 0 ||| qw: God list: Okawaru
     0 | D:1      | 0 ||| qw: Allow faded altars: false
     0 | D:1      | 0 ||| qw: Do Orc after clearing Dungeon:15 true
     0 | D:1      | 0 ||| qw: Do second Lair branch before Depths: true
     0 | D:1      | 0 ||| qw: Lair rune preference: random
     0 | D:1      | 0 ||| qw: Goals: Normal
     0 | D:1      | 0 ||| PLANNING D:1-11
   193 | D:1      | Reached XP level 2. HP: 9/16 MP: 3/3
   336 | D:1      | Found a faded altar of an unknown god.
   397 | D:1      | Reached skill level 3 in Ranged Weapons
   924 | D:1      | 924 ||| UPGRADING to +0 ring mail.
   934 | D:1      | 934 ||| DROPPING +0 robe.
   935 | D:1      | 935 ||| UPGRADING to +2 cloak.
   940 | D:1      | 940 ||| UPGRADING to amulet of regeneration.
   945 | D:1      | 945 ||| UPGRADING to ring of resist corrosion.
   946 | D:1      | 946 ||| READING scroll labelled QOD NUVEIDO.
   947 | D:1      | 947 ||| READING 2 scrolls labelled WUDUSYPIAG.
   948 | D:1      | 948 ||| READING scroll labelled PUDOCA LUKHEGHO.
   949 | D:1      | 949 ||| DROPPING scroll of poison.
   995 | D:2      | Reached XP level 3. HP: 22/22 MP: 4/4
  1296 | D:2      | 1296 ||| READING scroll labelled HUPLAY WEXUCE.
  1340 | D:2      | Reached skill level 1 in Armour
  1705 | D:2      | Reached XP level 4. HP: 14/27 MP: 5/5
  1707 | D:2      | HP: 5/27 [gnoll/+0 spear (6)]
  1770 | D:2      | 1770 ||| READING scroll labelled HAMECR LYACOOD.
  1771 | D:2      | 1771 ||| DRINKING 2 emerald potions.
  1881 | D:2      | Noticed Sigmund
  1888 | D:2      | 1888 ||| DRINKING potion of curing.
  1888 | D:2      | 1888 ||| (to cure confusion)
  1913 | D:2      | 1913 ||| READING scroll labelled NEIRGH FOHOHO.
  1922 | D:2      | 1922 ||| FLEEEEING.
  1923 | D:2      | 1923 ||| FLEEEEING.
  1924 | D:2      | 1924 ||| FLEEEEING.
  1925 | D:2      | 1925 ||| FLEEEEING.
  1926 | D:2      | 1926 ||| FLEEEEING.
  1942 | D:2      | Killed Sigmund
  1943 | D:2      | Reached skill level 5 in Ranged Weapons
  1943 | D:2      | Reached XP level 5. HP: 31/31 MP: 6/6
  1943 | D:2      | Reached XP level 6. HP: 36/36 MP: 7/7
  2209 | D:2      | 2209 ||| READING 2 scrolls of identify.
  2209 | D:2      | 2209 ||| IDENTIFYING clear potion
  2210 | D:2      | 2210 ||| DROPPING potion of attraction.
  2231 | D:3      | Found Siecy's Assorted Antiques.
  2232 | D:3      | 2232 ||| PLANNING SEWER
  2238 | D:3      | 2238 ||| BUYING coppery potion (23 gold).
  2238 | D:3      | Bought a coppery potion for 23 gold pieces
  2238 | D:3      | 2238 ||| SHOPLISTING dyed leather armour (130 gold, have
                  | 92).
  2238 | D:3      | 2238 ||| SHOPLISTING encrusted gold wand (104 gold, have
                  | 92).
  2238 | D:3      | 2238 ||| BUYING scroll labelled FIYG DEUTA (26 gold).
  2238 | D:3      | Bought a scroll labelled FIYG DEUTA for 26 gold pieces
  2238 | D:3      | 2238 ||| BUYING scroll labelled HUFOPT VOFFORPH (26 gold).
  2238 | D:3      | Bought a scroll labelled HUFOPT VOFFORPH for 26 gold pieces
  2238 | D:3      | 2238 ||| BUYING scroll labelled ZOSAPHIEJE (26 gold).
  2238 | D:3      | Bought a scroll labelled ZOSAPHIEJE for 26 gold pieces
  2679 | D:3      | Found a glowing golden altar of the Shining One.
  2777 | D:3      | Noticed Ijyb
  2831 | D:3      | Killed Ijyb
  2832 | D:3      | Reached skill level 3 in Fighting
  2849 | D:3      | 2849 ||| RIP SEWER
  2850 | D:3      | 2850 ||| PLANNING D:1-11
  2910 | D:3      | 2910 ||| Stepping ~*~*~tactically~*~*~ (water).
  2980 | D:3      | 2980 ||| Stepping ~*~*~tactically~*~*~ (outnumbered).
  3010 | D:3      | 3010 ||| UPGRADING to +0 helmet.
  3028 | D:3      | Reached skill level 6 in Ranged Weapons
  3035 | D:3      | 3035 ||| READING scroll of enchant armour.
  3035 | D:3      | 3035 ||| ENCHANTING +0 helmet.
  3137 | D:3      | 3137 ||| READING scroll labelled FIYG DEUTA.
  3138 | D:3      | 3138 ||| READING scroll labelled HUFOPT VOFFORPH.
  3139 | D:3      | 3139 ||| READING scroll labelled ZOSAPHIEJE.
  3139 | D:3      | 3139 ||| ACQUIRING +0 hand crossbow of draining
  3139 | D:3      | Acquired a +0 hand crossbow of draining
  3141 | D:3      | 3141 ||| SWAPPING to +0 hand crossbow of draining.
  3142 | D:3      | 3142 ||| DROPPING +1 sling.
  3143 | D:3      | 3143 ||| READING scroll labelled EJOEVV ESERI.
  3144 | D:3      | 3144 ||| READING scroll labelled PICOFE WOIB.
  3261 | D:4      | Reached XP level 7. HP: 44/44 MP: 8/8
  3458 | D:4      | 3458 ||| READING scroll of acquirement.
  3458 | D:4      | 3458 ||| ACQUIRING +4 ring of protection
  3458 | D:4      | Acquired a +4 ring of protection
  3658 | D:4      | 3658 ||| UPGRADING to +4 ring of protection.
  3680 | D:4      | Found a staircase to the Ecumenical Temple.
  3681 | D:4      | 3681 ||| PLANNING TEMPLE
  3690 | Temple   | Entered the Ecumenical Temple
  3691 | Temple   | 3691 ||| PLANNING OKAWARU WORSHIP
  3865 | Temple   | Became a worshipper of Warmaster Okawaru
  3866 | Temple   | 3866 ||| PLANNING D:1-11
  4236 | D:4      | 4236 ||| DROPPING scarf of shadows.
  4237 | D:4      | 4237 ||| READING scroll labelled QAXENE MUYFE.
  4310 | D:5      | Entered Level 5 of the Dungeon
  4370 | D:5      | Found a glowing silver altar of Zin.
  4625 | D:5      | Reached skill level 7 in Ranged Weapons
  4733 | D:5      | You fall into a shaft and drop 2 floors!
  4734 | D:7      | 4734 ||| READING scroll labelled KILUPA WEENITH.
  4735 | D:7      | 4735 ||| DRINKING 2 pink potions.
  4735 | D:7      | Gained mutation: You occasionally lose the ability to drink
                  | potions when taking damage. [potion of mutation]
  4735 | D:7      | Gained mutation: You have a pair of small antennae on your
                  | head. [potion of mutation]
  4736 | D:7      | 4736 ||| DRINKING potion of mutation.
  4736 | D:7      | Lost mutation: You occasionally lose the ability to drink
                  | potions when taking damage. [potion of mutation]
  4736 | D:7      | Lost mutation: You have a pair of small antennae on your
                  | head. [potion of mutation]
  4736 | D:7      | Gained mutation: You are occasionally teleported next to
                  | monsters. [potion of mutation]
  4736 | D:7      | Gained mutation: You occasionally lose the ability to drink
                  | potions when taking damage. [potion of mutation]
  4737 | D:7      | 4737 ||| UPGRADING to +1 helmet.
  4768 | D:6      | Found a runed translucent gate.
  4769 | D:6      | Found a runed translucent gate.
  4769 | D:6      | Found a runed translucent gate.
  4769 | D:6      | Found a blossoming altar of Fedhas.
  4775 | D:6      | 4775 ||| STAIRDANCE
  4989 | D:5      | Noticed Grinder
  5001 | D:5      | Paralysed by Grinder for 2 turns
  5004 | D:5      | Killed Grinder
  5004 | D:5      | Reached * piety under Okawaru
  5005 | D:5      | Reached skill level 8 in Ranged Weapons
  5005 | D:5      | Reached XP level 8. HP: 45/48 MP: 9/9
  5007 | D:5      | Found Juajaiwn's Antique Weapon Shop.
  5215 | D:6      | 5215 ||| INVOKING Heroism.
  5256 | D:6      | Found a stormy altar of Qazlal.
  5308 | D:6      | Found a sparkling altar of Nemelex Xobeh.
  5340 | D:6      | Found a radiant altar of Vehumet.
  5403 | D:6      | Reached skill level 1 in Invocations
  5450 | D:6      | 5450 ||| INVOKING Heroism.
  5458 | D:6      | 5458 ||| INVOKING Heroism.
  5500 | D:6      | Noticed qw's ghost (amateur GrHs)
  5501 | D:6      | Noticed qw's ghost (novice GrHs)
  5501 | D:6      | Noticed qw's ghost (novice MiHs)
  5524 | D:6      | 5524 ||| FLEEEEING.
  5525 | D:6      | 5525 ||| FLEEEEING.
  5526 | D:6      | 5526 ||| FLEEEEING.
  5527 | D:6      | 5527 ||| FLEEEEING.
  5528 | D:6      | 5528 ||| FLEEEEING.
  5529 | D:6      | 5529 ||| STAIRDANCE
  5534 | D:5      | 5534 ||| UPGRADING to +0 steam dragon scales.
  5544 | D:5      | 5544 ||| DROPPING +0 ring mail.
  5545 | D:5      | 5545 ||| DRINKING 2 murky ruby potions.
  5546 | D:5      | 5546 ||| READING 2 scrolls of identify.
  5546 | D:5      | 5546 ||| IDENTIFYING coppery potion
  5547 | D:5      | 5547 ||| DROPPING potion of degeneration.
  5705 | D:7      | 5705 ||| INVOKING Heroism.
  5717 | D:7      | Reached skill level 9 in Ranged Weapons
  5752 | D:7      | Reached skill level 3 in Invocations
  5768 | D:7      | 5768 ||| READING scroll of enchant armour.
  5768 | D:7      | 5768 ||| ENCHANTING +0 steam dragon scales.
  5792 | D:7      | 5792 ||| READING scroll of acquirement.
  5792 | D:7      | 5792 ||| ACQUIRING +6 longbow of Nailiode {freeze, Str+5
                  | Int+7}
  5792 | D:7      | Acquired the +6 longbow of Nailiode {freeze, Str+5 Int+7}
  5794 | D:7      | 5794 ||| SWAPPING to +6 longbow of Nailiode {freeze, Str+5
                  | Int+7}.
  5795 | D:7      | 5795 ||| DROPPING +0 hand crossbow of draining.
  5935 | D:7      | 5935 ||| INVOKING Heroism.
  5938 | D:7      | Reached XP level 9. HP: 55/55 MP: 8/11
  6120 | D:7      | 6120 ||| INVOKING Heroism.
  6125 | D:7      | Reached skill level 6 in Fighting
  6563 | D:7      | 6563 ||| READING 2 scrolls of identify.
  6563 | D:7      | 6563 ||| IDENTIFYING cyan potion
  6635 | D:8      | 6635 ||| INVOKING Heroism.
  6658 | D:8      | Reached skill level 10 in Ranged Weapons
  6662 | D:8      | 6662 ||| INVOKING Heroism.
  6671 | D:8      | Reached skill level 3 in Dodging
  6676 | D:8      | Reached skill level 3 in Armour
  6681 | D:8      | Found a staircase to the Lair.
  6688 | D:8      | 6688 ||| INVOKING Heroism.
  6691 | D:8      | Noticed a troll
  6693 | D:8      | Noticed a hellwing
  6698 | D:8      | 6698 ||| Stepping ~*~*~tactically~*~*~ (outnumbered).
  6701 | D:8      | Noticed a hellwing
  6706 | D:8      | Reached ** piety under Okawaru
  6709 | D:8      | Noticed Joseph
  6710 | D:8      | Killed a hellwing
  6717 | D:8      | Killed a hellwing
  6718 | D:8      | Reached XP level 10. HP: 57/63 MP: 13/13
  6722 | D:8      | Reached skill level 11 in Ranged Weapons
  6733 | D:8      | Killed Joseph
  6743 | D:8      | Reached *** piety under Okawaru
  6754 | D:8      | Reached skill level 12 in Ranged Weapons
  6803 | D:8      | 6803 ||| INVOKING Heroism.
  6833 | D:8      | 6833 ||| READING scroll of enchant armour.
  6833 | D:8      | 6833 ||| ENCHANTING +1 steam dragon scales.
  6855 | D:8      | Noticed Maggie
  6861 | D:8      | Killed Maggie
  7101 | D:8      | Found Qaevohy's Elemental Accessories.
  7148 | D:8      | Found an ornate altar of the Wu Jian Council.
  7392 | D:8      | 7392 ||| PLANNING LAIR
  7392 | D:8      | 7392 ||| READING 3 scrolls of identify.
  7392 | D:8      | 7392 ||| IDENTIFYING ruby potion
  7393 | D:8      | 7393 ||| READING 2 scrolls of identify.
  7393 | D:8      | 7393 ||| IDENTIFYING bubbling coppery potion
  7394 | D:8      | 7394 ||| DROPPING potion of invisibility.
  7434 | Lair:1   | Entered Level 1 of the Lair of Beasts
  7487 | Lair:1   | Noticed a cane toad
  7488 | Lair:1   | 7488 ||| INVOKING Heroism.
  7492 | Lair:1   | Killed a cane toad
  7645 | Lair:1   | Noticed a cane toad
  7646 | Lair:1   | 7646 ||| INVOKING Heroism.
  7649 | Lair:1   | Killed a cane toad
  7649 | Lair:1   | Reached **** piety under Okawaru
  7650 | Lair:1   | Reached XP level 11. HP: 68/68 MP: 11/14
  7814 | Lair:1   | Reached skill level 13 in Ranged Weapons
  7830 | Lair:1   | 7830 ||| INVOKING Heroism.
  8104 | Lair:1   | 8104 ||| READING 2 scrolls of identify.
  8104 | Lair:1   | 8104 ||| IDENTIFYING golden potion
  8120 | Lair:2   | 8120 ||| INVOKING Heroism.
  8132 | Lair:2   | Reached skill level 9 in Fighting
  8137 | Lair:2   | Reached skill level 6 in Invocations
  8137 | Lair:2   | Noticed a death yak
  8139 | Lair:2   | Received a gift from Okawaru
  8140 | Lair:2   | Noticed a death yak
  8141 | Lair:2   | 8141 ||| STAIRDANCE
  8154 | Lair:1   | 8154 ||| INVOKING Heroism.
  8190 | Lair:2   | 8190 ||| INVOKING Heroism.
  8190 | Lair:2   | Noticed a death yak
  8192 | Lair:2   | Noticed a death yak
  8197 | Lair:2   | Noticed a death yak
  8199 | Lair:2   | Noticed a death yak
  8205 | Lair:2   | 8205 ||| STAIRDANCE
  8207 | Lair:1   | Killed a death yak
  8207 | Lair:1   | Reached ***** piety under Okawaru
  8207 | Lair:1   | HP: 17/71 [death yak (11)]
  8208 | Lair:1   | 8208 ||| READING 2 scrolls of teleportation.
  8208 | Lair:1   | HP: 2/71 [yak (8)]
  8208 | Lair:1   | Slain by a death yak

Levels and vault maps discovered:
D:1:      sevenhm_arrival_forest_fort_small_3, layout_loops_corners,
          shapermc_ecumenical_altar_acropolis, moated_statue,
          kennysheep_doodads, dk_noncrumbling_4
D:2:      layout_loops_corners, serial_co_window_serial, co_window_paths_b,
          co_window_paths_a, co_window_paths_a, co_window_paths_a,
          co_window_of_opportunity_a, co_window_broadway_c, co_window_2corner,
          co_window_broadway_c, co_window_of_opportunity_b,
          co_window_of_opportunity_c, co_window_unsneaky_path_d,
          co_window_4corner_a, co_window_paths_e, glass_columns_a,
          glass_columns_b, minmay_hexomino_f4, uniq_sigmund
D:3:      layout_loops_corners, mainiacjoe_overflow_boulevard,
          gup_sewer_entry_pipe, serial_shops, nicolae_shop_overgrown_old_shop,
          uniq_ijyb
D:4:      kennysheep_kobold_camp, layout_basic,
          minmay_temple_entry_stoned_glass, serial_co_window_serial,
          co_window_paths_b, co_window_corner_a, co_window_paths_a,
          co_window_paths_a, co_window_paths_b, co_window_of_opportunity_a,
          co_window_paths_a, co_window_corner_b, co_window_2corner,
          co_window_corner_b, co_window_unsneaky_path_d, glass_columns_a,
          glass_columns_b, glass_columns_c, glass_columns_b, glass_columns_a
D:5:      layout_loops_corners, kennysheep_little_box, serial_shops,
          nicolae_shop_tiny_waterfront, serial_bayou_lagoon_a, uniq_grinder
D:6:      layout_rooms, grunt_temple_overflow_forces_of_nature,
          mainiacjoe_overflow_catch_the_wave, gammafunk_ghost_cemetery
D:7:      layout_loops_corners, chequers_serial_rivers_micro_a
D:8:      cheibrodos_grave_circle, layout_basic, overflow_temple_1_default,
          erik_lair_island, nicolae_elemental_shop,
          chequers_serial_rivers_small_a, uniq_joseph, uniq_maggie
Temple:   nicolae_temple_bog_church
Lair:1:   layout_roguey, beast_lair_carwin_9
Lair:2:   layout_gridlike, swamp_mist_pool, nicolae_spider_entry_orb_guardian,
          serial_bayou_lake_a, grunt_megastairs_4

Skill      XL: |  1  2  3  4  5  6  7  8  9 10 11 |
---------------+----------------------------------+-----
Ranged Weapons | 3 5 6 8 9 10 12 13 | 13.4
Fighting       | 2 4 5 7 8 9 |  9.0
Armour         | 1 2 3 4 |  4.0
Invocations    | 3 4 7 |  7.4
Dodging        | 2 3 4 |  4.3
Spellcasting   | |  1.0
Hexes          | |  2.6

Action                     |  1- 3 |  4- 6 |  7- 9 | 10-12 || total
---------------------------+-------+-------+-------+-------++-------
   Fire: Sling             |   120 |   224 |       |       ||   344
         Hand crossbow     |       |    18 |   165 |       ||   183
         Longbow           |       |       |    95 |   173 ||   268
 Invoke: Heroism           |       |       |     9 |     7 ||    16
    Use: Scroll            |     4 |     9 |     7 |     5 ||    25
         Potion            |       |     2 |     3 |       ||     5
 Armour: Robe              |     9 |       |       |       ||     9
         Ring mail         |    31 |   130 |    71 |       ||   232
         Steam dragon scal |       |       |    51 |   101 ||   152
  Dodge: Dodged            |    39 |   111 |   100 |   103 ||   353

Table legend:
 A = Non-vault XP
 B = Vault XP
 C = Vault XP percentage of total XP
 D = Non-vault monster count
 E = Vault monster count
 F = Vault count percentage of total count
                 A         B        C        D         E       F
            +---------+---------+-------+---------+---------+-------
      Total |    6199 |    9096 |  59.5 |     145 |      66 |  31.3
            +---------+---------+-------+---------+---------+-------
        D:1 |      31 |       0 |   0.0 |      18 |       0 |   0.0
        D:2 |      95 |     228 |  70.6 |      20 |       5 |  20.0
        D:3 |      87 |      50 |  36.5 |      20 |       7 |  25.9
        D:4 |     248 |     119 |  32.4 |      17 |      21 |  55.3
        D:5 |     162 |     281 |  63.4 |       3 |       1 |  25.0
        D:6 |     715 |       0 |   0.0 |      16 |       0 |   0.0
        D:7 |     951 |       0 |   0.0 |      19 |       0 |   0.0
        D:8 |    1020 |    4293 |  80.8 |      19 |      21 |  52.5
     Lair:1 |    1435 |    3631 |  71.7 |       7 |      10 |  58.8
     Lair:2 |    1455 |     494 |  25.3 |       6 |       1 |  14.3
            +---------+---------+-------+---------+---------+-------
